TOP OF THE 1ST |
Williston Water Wolves batting - Pitching for Butte Copper Kings : LHP Richard Garcia
|
Pitching: LHP Richard Garcia
|
|
Batting: SHB Juan Castillo
|
0-0: Ball 1-0: Ball 2-0: Ground out 1-3 (Groundball, 34S, EV 68.8 MPH)
|
Batting: RHB Alexis Rendon
|
0-0: Ground out 4-3 (Groundball, 4, EV 88.1 MPH)
|
Batting: RHB Pat Jelks
|
0-0: Fly out, F7 (Flyball, 78M, EV 86.3 MPH)
|
Top of the 1st over - 0 runs, 0 hits, 0 errors, 0 left on base; Williston 0 - Butte 0 |
BOTTOM OF THE 1ST |
Butte Copper Kings batting - Pitching for Williston Water Wolves : LHP Steven Sitek
|
Pitching: LHP Steven Sitek
|
|
Batting: RHB Kenny Clark
|
0-0: Ball 1-0: Foul Ball, location: 2F 1-1: Ball 2-1: Called Strike 2-2: Strikes out looking
|
Batting: RHB Jere Longenecker
|
0-0: Ball 1-0: Ground out 6-3 (Groundball, 6, EV 84.4 MPH)
|
Batting: RHB Kevin Sliwinski
|
0-0: Ball 1-0: Ball 2-0: Called Strike 2-1: SINGLE (Flyball, 56D, EV 92.5 MPH)
|
Batting: SHB Pat Bone
|
0-0: Called Strike 0-1: Fly out, F6 (Popup, P, EV 83.1 MPH)
|
Bottom of the 1st over - 0 runs, 1 hit, 0 errors, 1 left on base; Williston 0 - Butte 0 |
TOP OF THE 2ND |
Williston Water Wolves batting - Pitching for Butte Copper Kings : LHP Richard Garcia
|
Batting: RHB Tom Pagnozzi
|
0-0: Called Strike 0-1: Ball 1-1: Fly out, F8 (Flyball, 8LM, EV 88.8 MPH)
|
Batting: SHB Devon White
|
0-0: Called Strike 0-1: Foul Ball, location: 2F 0-2: Ball 1-2: Fly out, F8 (Flyball, 78S, EV 86.9 MPH)
|
Batting: RHB Pat Borders
|
0-0: SOLO HOME RUN (Flyball, 7D, EV 100.6 MPH), Distance : 378 ft
|
Batting: LHB John Mitchell
|
0-0: Ball 1-0: Foul Ball, location: 2F 1-1: Ground out 4-3 (Groundball, 4, EV 84.4 MPH)
|
Top of the 2nd over - 1 run, 1 hit, 0 errors, 0 left on base; Williston 1 - Butte 0 |
BOTTOM OF THE 2ND |
Butte Copper Kings batting - Pitching for Williston Water Wolves : LHP Steven Sitek
|
Batting: RHB Jose Matos
|
0-0: Ball 1-0: Ball 2-0: Swinging Strike 2-1: Ball 3-1: Foul Ball, location: 2F 3-2: Base on Balls
|
Batting: LHB Larry Jackson
|
0-0: Ball 1-0: Foul Ball, location: 2F 1-1: Ball 2-1: Called Strike 2-2: Ball 3-2: Foul Ball, location: 2F 3-2: Fielders Choice at 2nd, 6-4 (Groundball, 6, EV 110.6 MPH)
|
Batting: RHB John Roth
|
0-0: Foul Ball, location: 2F 0-1: Ball 1-1: Swinging Strike 1-2: Strikes out swinging
|
Batting: RHB Keith Komeiji
|
0-0: Swinging Strike 0-1: Called Strike 0-2: Ball Larry Jackson is caught stealing 2nd base 2-4
|
Bottom of the 2nd over - 0 runs, 0 hits, 0 errors, 0 left on base; Williston 1 - Butte 0 |
TOP OF THE 3RD |
Williston Water Wolves batting - Pitching for Butte Copper Kings : LHP Richard Garcia
|
Batting: RHB Jeff Hamilton
|
0-0: DOUBLE (Line Drive, 3D, EV 105.0 MPH)
|
Batting: RHB Jose Lind
|
0-0: Swinging Strike 0-1: Ball 1-1: Ground out 6-3 (Groundball, 6M, EV 83.1 MPH) Jeff Hamilton to third
|
Batting: SHB Juan Castillo
|
0-0: Called Strike 0-1: SINGLE (Line Drive, 4MD, EV 100.6 MPH) Jeff Hamilton scores
|
Batting: RHB Alexis Rendon
|
0-0: Ball 1-0: Called Strike 1-1: Fielders Choice at 2nd, 4-6 (Groundball, 4, EV 83.8 MPH)
|
Batting: RHB Pat Jelks
|
0-0: Ball 1-0: Ball 2-0: Called Strike 2-1: Ball 3-1: SINGLE (Line Drive, 9S, EV 95.0 MPH) Alexis Rendon to second Runner from 2nd tries for 3rd, SAFE, throw by RF made to third
|
Batting: RHB Tom Pagnozzi
|
0-0: Fly out, F7 (Line Drive, 7, EV 102.5 MPH)
|
Top of the 3rd over - 1 run, 3 hits, 0 errors, 2 left on base; Williston 2 - Butte 0 |
BOTTOM OF THE 3RD |
Butte Copper Kings batting - Pitching for Williston Water Wolves : LHP Steven Sitek
|
Batting: RHB Keith Komeiji
|
0-0: Ball 1-0: Ball 2-0: Ball 3-0: Base on Balls
|
Batting: RHB Jose Escobar
|
0-0: Ball 1-0: Ball 2-0: Fielders Choice at 2nd, 5-4 (Groundball, 56, EV 108.1 MPH)
|
Batting: RHB Kenny Clark
|
0-0: SINGLE (Line Drive, 9S, EV 100.0 MPH) Jose Escobar to second Runner from 2nd tries for 3rd, SAFE, no throw by RF
|
Batting: RHB Jere Longenecker
|
0-0: Fly out, F6 (Popup, 6MS, EV 79.4 MPH)
|
Batting: RHB Kevin Sliwinski
|
0-0: Called Strike 0-1: Ball 1-1: Ball 2-1: Foul Ball, location: 2F 2-2: Strikes out swinging
|
Bottom of the 3rd over - 0 runs, 1 hit, 0 errors, 2 left on base; Williston 2 - Butte 0 |
TOP OF THE 4TH |
Williston Water Wolves batting - Pitching for Butte Copper Kings : LHP Richard Garcia
|
Batting: SHB Devon White
|
0-0: Ball 1-0: Foul Ball, location: 2F 1-1: Ball 2-1: Ball 3-1: SINGLE (Line Drive, 78S, EV 99.4 MPH)
|
Batting: RHB Pat Borders
|
0-0: Ball 1-0: Fielders Choice at 2nd, 4-6 (Groundball, 34, EV 87.5 MPH)
|
Batting: LHB John Mitchell
|
0-0: Ground out U3 (Groundball, 13, EV 86.3 MPH) Pat Borders to second
|
Batting: RHB Jeff Hamilton
|
0-0: Called Strike 0-1: Ball 1-1: Swinging Strike 1-2: Strikes out swinging
|
Top of the 4th over - 0 runs, 1 hit, 0 errors, 1 left on base; Williston 2 - Butte 0 |
BOTTOM OF THE 4TH |
Butte Copper Kings batting - Pitching for Williston Water Wolves : LHP Steven Sitek
|
Batting: SHB Pat Bone
|
0-0: Swinging Strike 0-1: Foul Ball, location: 2F 0-2: Ball 1-2: Strikes out swinging
|
Batting: RHB Jose Matos
|
0-0: SINGLE (Line Drive, 4D, EV 97.5 MPH)
|
Batting: LHB Larry Jackson
|
0-0: Swinging Strike 0-1: Foul Ball, location: 2F 0-2: Foul Ball, location: 2F 0-2: Ball 1-2: SINGLE (Line Drive, 34D, EV 101.3 MPH) Jose Matos to second
|
Batting: RHB John Roth
|
0-0: Swinging Strike 0-1: Foul Ball, location: 2F 0-2: Ball 1-2: Strikes out looking
|
Batting: RHB Keith Komeiji
|
0-0: Ball 1-0: Foul Ball, location: 2F 1-1: Ball 2-1: Foul Ball, location: 2F 2-2: Foul Ball, location: 2F 2-2: Ball 3-2: Foul Ball, location: 2F 3-2: Base on Balls Jose Matos to third Larry Jackson to second
|
Batting: RHB Jose Escobar
|
0-0: Ball 1-0: Fielders Choice at 2nd, 6-4 (Groundball, 6, EV 89.4 MPH)
|
Bottom of the 4th over - 0 runs, 2 hits, 0 errors, 3 left on base; Williston 2 - Butte 0 |
TOP OF THE 5TH |
Williston Water Wolves batting - Pitching for Butte Copper Kings : LHP Richard Garcia
|
Batting: RHB Jose Lind
|
0-0: Ball 1-0: Ball 2-0: Fly out, F9 (Flyball, 9, EV 95.0 MPH)
|
Batting: SHB Juan Castillo
|
0-0: Ball 1-0: Called Strike 1-1: Ground out 6-3 (Groundball, 6, EV 101.3 MPH)
|
Batting: RHB Alexis Rendon
|
0-0: Called Strike 0-1: Foul Ball, location: 2F 0-2: Ball 1-2: Ball 2-2: Ball 3-2: Base on Balls
|
Batting: RHB Pat Jelks
|
0-0: Ball 1-0: Called Strike 1-1: Fly out, F8 (Flyball, 8LD, EV 90.0 MPH)
|
Top of the 5th over - 0 runs, 0 hits, 0 errors, 1 left on base; Williston 2 - Butte 0 |
BOTTOM OF THE 5TH |
Butte Copper Kings batting - Pitching for Williston Water Wolves : LHP Steven Sitek
|
Batting: RHB Kenny Clark
|
0-0: Swinging Strike 0-1: Ball 1-1: Called Strike 1-2: Foul Ball, location: 2F 1-2: Ground out 4-3 (Groundball, 4, EV 91.3 MPH)
|
Batting: RHB Jere Longenecker
|
0-0: Ball 1-0: Called Strike 1-1: Ball 2-1: Ball 3-1: Fly out, F7 (Flyball, 7LM, EV 91.9 MPH)
|
Batting: RHB Kevin Sliwinski
|
0-0: Ball 1-0: Ball 2-0: Swinging Strike 2-1: Ball 3-1: Foul Ball, location: 2F 3-2: Base on Balls
|
Batting: SHB Pat Bone
|
0-0: Foul Ball, location: 2F 0-1: Ball 1-1: Swinging Strike 1-2: Strikes out looking
|
Bottom of the 5th over - 0 runs, 0 hits, 0 errors, 1 left on base; Williston 2 - Butte 0 |
TOP OF THE 6TH |
Williston Water Wolves batting - Pitching for Butte Copper Kings : LHP Richard Garcia
|
Batting: RHB Tom Pagnozzi
|
0-0: Ball 1-0: Fly out, F5 (Flyball, 5D, EV 91.3 MPH)
|
Batting: SHB Devon White
|
0-0: Ground out 5-3 (Groundball, 56, EV 86.3 MPH)
|
Batting: RHB Pat Borders
|
0-0: Ball 1-0: Ball 2-0: Called Strike 2-1: Swinging Strike 2-2: Fly out, F7 (Line Drive, 7, EV 84.4 MPH)
|
Top of the 6th over - 0 runs, 0 hits, 0 errors, 0 left on base; Williston 2 - Butte 0 |
BOTTOM OF THE 6TH |
Butte Copper Kings batting - Pitching for Williston Water Wolves : LHP Steven Sitek
|
Batting: RHB Jose Matos
|
0-0: Ball 1-0: Ground out 3-1 (Groundball, 34, EV 98.8 MPH)
|
Batting: LHB Larry Jackson
|
0-0: Ball 1-0: Foul Ball, location: 2F 1-1: Swinging Strike 1-2: Ball 2-2: Ball 3-2: Foul Ball, location: 2F 3-2: Base on Balls
|
Batting: RHB John Roth
|
0-0: Ball 1-0: Called Strike 1-1: Ball 2-1: Fly out, F6 (Popup, 6S, EV 85.0 MPH)
|
Batting: RHB Keith Komeiji
|
0-0: Ball 1-0: Ball 2-0: Ball 3-0: Base on Balls Larry Jackson to second
|
Pitching: LHP Felix Tejeda
|
|
Batting: RHB Jose Escobar
|
0-0: Ball 1-0: Ball 2-0: SINGLE (Groundball, 56D, EV 98.8 MPH) Larry Jackson to third Keith Komeiji to second Runner from 3rd tries for Home, throw by LF and OUT! 7-2
|
Bottom of the 6th over - 0 runs, 1 hit, 0 errors, 2 left on base; Williston 2 - Butte 0 |
TOP OF THE 7TH |
Williston Water Wolves batting - Pitching for Butte Copper Kings : LHP Richard Garcia
|
Batting: LHB John Mitchell
|
0-0: Swinging Strike 0-1: Called Strike 0-2: SINGLE (Groundball, 56S, EV 73.8 MPH) (infield hit)
|
Pitching: LHP Kenneth Stelly
|
|
Batting: RHB Jeff Hamilton
|
0-0: Ball 1-0: Ball 2-0: Ball 3-0: Called Strike 3-1: Base on Balls John Mitchell to second
|
Batting: RHB Jose Lind
|
0-0: Foul Ball, location: 2F 0-1: Ball 1-1: Ball 2-1: Foul Ball, location: 2F 2-2: Ball 3-2: Fielders Choice at 2nd, 3-6 (Groundball, 3S, EV 91.3 MPH) John Mitchell to third
|
Batting: SHB Juan Castillo
|
0-0: Ground out 5-3 (Groundball, 5, EV 91.3 MPH) Jose Lind to second
|
Batting: RHB Alexis Rendon
|
0-0: Called Strike 0-1: Ball 1-1: Ball 2-1: Ground out U3 (Groundball, 3, EV 87.5 MPH)
|
Top of the 7th over - 0 runs, 1 hit, 0 errors, 2 left on base; Williston 2 - Butte 0 |
BOTTOM OF THE 7TH |
Butte Copper Kings batting - Pitching for Williston Water Wolves : LHP Felix Tejeda
|
Batting: RHB Kenny Clark
|
0-0: Ground out 1-3 (Groundball, 15S, EV 65.6 MPH)
|
Batting: RHB Jere Longenecker
|
0-0: Ball 1-0: Ball 2-0: Fly out, F9 (Flyball, 9LM, EV 103.1 MPH)
|
Batting: RHB Kevin Sliwinski
|
0-0: Swinging Strike 0-1: Ball 1-1: Ball 2-1: Foul Ball, location: 2F 2-2: Strikes out looking
|
Bottom of the 7th over - 0 runs, 0 hits, 0 errors, 0 left on base; Williston 2 - Butte 0 |
TOP OF THE 8TH |
Williston Water Wolves batting - Pitching for Butte Copper Kings : LHP Kenneth Stelly
|
Batting: RHB Pat Jelks
|
0-0: Swinging Strike 0-1: Ball 1-1: Ground out 5-3 (Groundball, 56, EV 81.9 MPH)
|
Pitching: RHP Alec McCullock
|
|
Batting: RHB Tom Pagnozzi
|
0-0: Ball 1-0: Swinging Strike 1-1: Ball 2-1: Ball 3-1: Base on Balls
|
Batting: SHB Devon White
|
0-0: Ball 1-0: Foul Ball, location: 2F 1-1: Fielders Choice at 2nd, 6-4 (Groundball, 6, EV 102.5 MPH)
|
Batting: RHB Pat Borders
|
0-0: Foul Ball, location: 2F 0-1: 2-RUN HOME RUN (Flyball, 7D, EV 93.1 MPH), Distance : 364 ft
|
Batting: LHB John Mitchell
|
0-0: Ball 1-0: Called Strike 1-1: Called Strike 1-2: Foul Ball, location: 2F 1-2: Foul Ball, location: 2F 1-2: DOUBLE (Flyball, 7LD, EV 108.1 MPH)
|
Pitching: RHP Kevin Quirk
|
|
Batting: RHB Jeff Hamilton
|
0-0: Called Strike 0-1: Swinging Strike 0-2: Ball 1-2: Foul Ball, location: 2F 1-2: Ball 2-2: Ball 3-2: DOUBLE (Line Drive, 9LS, EV 108.1 MPH) John Mitchell scores
|
Batting: RHB Jose Lind
|
0-0: Foul Ball, location: 2F 0-1: Ball 1-1: Ball 2-1: Swinging Strike 2-2: Foul Ball, location: 2F 2-2: Fly out, F9 (Flyball, 9, EV 86.3 MPH)
|
Top of the 8th over - 3 runs, 3 hits, 0 errors, 1 left on base; Williston 5 - Butte 0 |
BOTTOM OF THE 8TH |
Butte Copper Kings batting - Pitching for Williston Water Wolves : LHP Felix Tejeda
|
Batting: SHB Pat Bone
|
0-0: Foul Ball, location: 2F 0-1: Foul Ball, location: 2F 0-2: Foul Ball, location: 2F 0-2: Foul Ball, location: 2F 0-2: DOUBLE (Line Drive, 9LD, EV 103.8 MPH)
|
Batting: RHB Jose Matos
|
0-0: Called Strike 0-1: Ground out 6-3 (Groundball, 6, EV 83.8 MPH) Pat Bone to third
|
Batting: LHB Larry Jackson
|
0-0: Fly out, F9 (Flyball, 89D, EV 78.1 MPH) Runner from 3rd tags up, SCORES, throw by RF
|
Batting: RHB John Roth
|
0-0: Fly out, F8 (Flyball, 8RD, EV 102.5 MPH)
|
Bottom of the 8th over - 1 run, 1 hit, 0 errors, 0 left on base; Williston 5 - Butte 1 |
TOP OF THE 9TH |
Williston Water Wolves batting - Pitching for Butte Copper Kings : RHP Kevin Quirk
|
Batting: SHB Juan Castillo
|
0-0: Ball 1-0: Ball 2-0: Foul Ball, location: 2F 2-1: Ground out U3 (Groundball, 34, EV 77.5 MPH)
|
Batting: RHB Alexis Rendon
|
0-0: Ball 1-0: Called Strike 1-1: Swinging Strike 1-2: Ball 2-2: Strikes out swinging
|
Pitching: RHP Tony Ghelfi
|
|
Batting: RHB Pat Jelks
|
0-0: Called Strike 0-1: Ball 1-1: Foul Ball, location: 2F 1-2: Ball 2-2: Foul Ball, location: 2F 2-2: SOLO HOME RUN (Flyball, 7LD, EV 110.6 MPH), Distance : 366 ft
|
Batting: RHB Tom Pagnozzi
|
0-0: Foul Ball, location: 2F 0-1: Foul Ball, location: 2F 0-2: Ball 1-2: Strikes out swinging
|
Top of the 9th over - 1 run, 1 hit, 0 errors, 0 left on base; Williston 6 - Butte 1 |
BOTTOM OF THE 9TH |
Butte Copper Kings batting - Pitching for Williston Water Wolves : LHP Felix Tejeda
|
Pitching: RHP Jeff Montgomery
|
|
Batting: RHB Keith Komeiji
|
0-0: Called Strike 0-1: Called Strike 0-2: Foul Ball, location: 2F 0-2: Strikes out swinging
|
Batting: RHB Jose Escobar
|
0-0: Ball 1-0: Ground out 5-3 (Groundball, 56S, EV 80.0 MPH)
|
Batting: RHB Kenny Clark
|
0-0: Swinging Strike 0-1: SINGLE (Line Drive, 6MD, EV 95.0 MPH)
|
Batting: RHB Jere Longenecker
|
0-0: Ball 1-0: Fielders Choice at 2nd, 6-4 (Groundball, 6, EV 85.0 MPH)
|
Bottom of the 9th over - 0 runs, 1 hit, 0 errors, 1 left on base; Williston 6 - Butte 1 |
|